 Dungeon Crawl Stone Soup version 0.19-a0-944-gb338e1e (webtiles) character file.

19 Implojin the Chopper (level 2, -3/26 HPs)
             Began as a Minotaur Fighter on July 9, 2016.
             Killed by divine providence
             ... invoked by an orc priest
              (7 damage)
             ... on level 3 of the Dungeon.
             The game lasted 00:02:15 (511 turns).

Implojin the Chopper (Minotaur Fighter)              Turns: 511, Time: 00:02:15

Health: -3/26      AC: 13    Str: 25    XL:     2   Next: 55%
Magic:  1/1        EV:  6    Int:  5    God:
Gold:   57         SH:  9    Dex:  9    Spells: 0 memorised, 1 level left

rFire  . . .     SeeInvis .     a - +0 war axe
rCold  . . .     Gourm    .     p - +0 chain mail
rNeg   . . .     Faith    .     c - +0 shield
rPois  .         Spirit   .     (helmet restricted)
rElec  .         Dismiss  .     (no cloak)
rCorr  .         Reflect  .     n - +2 pair of gloves
SustAt .         Harm     .     i - +0 pair of boots (curse)
MR     .....                    (no amulet)
Stlth  ..........               (no ring)
                                (no ring)

@: mighty, not resistant to hostile enchantments, extremely unstealthy
A: retaliatory headbutt, horns 2
a: no special abilities


You were on level 3 of the Dungeon.
You were not hungry.

You visited 1 branch of the dungeon, and saw 3 of its levels.

You collected 57 gold pieces.

Inventory:

Hand Weapons
 a - a +0 war axe (weapon)
Armour
 b - a +0 scale mail
 c - a +0 shield (worn)
 i - a cursed +0 pair of boots (worn)
 n - a +2 pair of gloves (worn)
 p - a +0 chain mail (worn)
Scrolls
 e - a scroll of random uselessness
 g - a scroll of teleportation {unknown}
 j - a scroll of recharging
 l - a scroll of identify
Potions
 d - a potion of might
 h - a potion of berserk rage
 k - 2 potions of curing
 m - a potion of agility {unknown}
Comestibles
 f - 2 bread rations
 o - a beef jerky
 q - a meat ration


   Skills:
 - Level 3.6 Fighting
 * Level 3.9 Axes
 - Level 3.6 Armour
 - Level 3.6 Shields


You had one spell level left.
You didn't know any spells.

Dungeon Overview and Level Annotations

Branches:
Dungeon (3/15)

Altars:
Fedhas
Ru


Innate Abilities, Weirdness & Mutations

You reflexively headbutt those who attack you in melee.
You have a pair of horns on your head.


Message History

A goblin comes into view.
The goblin shouts!
Found an escape hatch in the ceiling.
The goblin hits you but does no damage.
Found 18 gold pieces.
You closely miss the goblin. Your headbutt misses the goblin.
The goblin barely misses you.
You closely miss the goblin.
The goblin hits you but does no damage. x2
You miss the goblin. Your headbutt misses the goblin.
The goblin hits you but does no damage.
You closely miss the goblin. The goblin barely misses you.
The goblin hits you but does no damage.
You slash the goblin!
You kill the goblin!
You see here a goblin corpse.
Found 25 sling bullets.
An orc wizard comes into view. It is wielding a dagger.
The orc wizard shouts!
An orc and an orc wizard come into view.
The orc shouts!
The orc wizard shouts!
The orc wizard moves out of view.
Found a stone staircase leading down. 2 orc priests come into view.
The orc priest shouts! x2
You see here 18 gold pieces.
You now have 57 gold pieces (gained 18).
The orc wizard gestures at you while chanting.
The puff of flame hits you!
The orc priest looks braver for a moment.
Unknown command.
You feel very mighty all of a sudden.
The orc priest invokes the aid of Beogh against you.
Beogh smites you!
Ouch! That really hurt!
* * * LOW HITPOINT WARNING * * *
Your shield and chain mail prevent you from hitting the orc wizard.
The orc wizard hits you but does no damage.
The orc priest calls down the wrath of Beogh upon you.
Beogh smites you!
You die...

#.##...# #.##.#.## #
#....#..### .. ####
###..#..... #.
.>########.†..###
#.##..........#..###
#....##.###........##
#<...# ##...#....#
#@...## #.#####..#
..o(ooo.##.†###.#
##..
.....######...#.# #..
.... ###...# ###. ...
###..## #... ..
#.....# #.## .
#.....####.##
#............
#....#######.


You could see an orc priest, 2 orc wizards and an orc.

Vanquished Creatures
  A bat (D:3)
  2 giant cockroaches
  2 goblins
  3 hobgoblins
  A ball python (D:3)
  2 giant newts (D:1)
  4 kobolds (D:1)
  3 rats
18 creatures vanquished.

Notes
Turn   | Place    | Note
-------+----------+-------------------------------------------
     0 | D:1      | Implojin the Minotaur Fighter began the quest for the Orb.
     0 | D:1      | Reached XP level 1. HP: 19/19 MP: 0/0
   137 | D:1      | Reached skill level 3 in Axes
   188 | D:1      | Reached XP level 2. HP: 21/26 MP: 1/1
   310 | D:2      | Found a sacrificial altar of Ru.
   394 | D:3      | Found a blossoming altar of Fedhas.
   511 | D:3      | Killed from afar by an orc priest

Vault maps used:
D:1:      minmay_arrival_widening_spiral_wide, evilmike_ruin_ashenzari
D:2:      grunt_temple_overflow_order_and_chaos_2,
          nicolae_ru_the_path_less_chosen, uniq_jessica, uniq_iyjb
D:3:      lemuel_coloured_pillars_altar, nrook_mini_vaults, uniq_terence

Skill      XL: |  1 |
---------------+----+-----
Axes           | 3 |  3.9
Fighting       | |  3.6
Armour         | |  3.6
Shields        | |  3.6

Action                   || total
-------------------------++-------
Melee: War axe           ||    27
       Headbutt          ||     5
  Use: Scroll            ||     4
       Potion            ||     1
Armor: Scale mail        ||    28
       Chain mail        ||     6
Dodge: Dodged            ||    17
Block: Shield            ||    23

Table legend:
 A = Turns spent in this place as a percentage of turns spent in the entire game.
 B = Non-inter-level travel turns spent in this place as a percentage of non-inter-level travel turns spent in the entire game.
 C = Inter-level travel turns spent in this place as a percentage of turns spent in this place.
 D = Turns resting spent in this place as a percentage of non-inter-level travel turns spent in this place.
 E = Turns spent auto-exploring this place as a percentage of non-inter-level travel turns spent in this place.
 F = Non-inter-level travel turns spent in this place divided by the number of levels of this place that you've seen.
                   A       B       C       D       E      F
               +-------+-------+-------+-------+-------+----------------------
         Total | 100.0 | 100.0 |   0.0 |   0.0 |   0.0 | 166.3
       Dungeon | 100.0 | 100.0 |   0.0 |   0.0 |   0.0 | 166.3
               +-------+-------+-------+-------+-------+----------------------

Table legend:
 A = Kills in this place as a percentage of kills in entire the game.
 B = Kills by you in this place as a percentage of kills by you in the entire game.
 C = Kills by friends in this place as a percentage of kills by friends in the entire game.
 D = Other kills in this place as a percentage of other kills in the entire game.
 E = Experience gained in this place as a percentage of experience gained in the entire game.
 F = Experience gained in this place divided by the number of levels of this place that you have seen.
                   A       B       C       D       E      F
               +-------+-------+-------+-------+-------+----------------------
         Total | 100.0 | 100.0 |  -nan |  -nan | 100.0 |   9.3
       Dungeon | 100.0 | 100.0 |  -nan |  -nan | 100.0 |   9.3
               +-------+-------+-------+-------+-------+----------------------
